 Dungeon Crawl Stone Soup version 0.28-a0-537-g3bccd9ccbf (webtiles) character file.

Game seed: 6467919861896490142

971 BuzzyBeetle the Gusty (level 8, -6/48 HPs)
             Began as a Tengu Air Elementalist on Sept 28, 2021.
             Mangled by an ogre (14 damage)
             ... on level 5 of the Dungeon.
             The game lasted 00:36:44 (4355 turns).

BuzzyBeetle the Gusty (Tengu Air Elementalist)      Turns: 4355, Time: 00:36:45

Health: -6/48      AC: 11    Str:  6 (9)  XL:     8   Next: 16%
Magic:  14/14      EV: 14    Int: 15 (18) God:
Gold:   200        SH:  0    Dex: 14 (16) Spells: 7/16 levels left

rFire   . . .      SeeInvis .   x - +0 dagger (speed)
rCold   . . .      Faith    .   (no shield)
rNeg    . . .      Spirit   .   b - +0 leather armour
rPois   .          Reflect  .   (helmet restricted)
rElec   .          Harm     .   (no cloak)
rCorr   .          Rampage  .   (no gloves)
Will    .....                   (boots unavailable)
Stlth   ++........              t - amulet of magic regeneration
HPRegen 0.16/turn               l - +4 ring of protection
MPRegen 0.39/turn               s - +4 ring of protection

@: sluggish, on berserk cooldown, flying quickly and evasively, slowed, very
slow
A: beak, talons 3, nimble flight, agile 1, low mp 1, robust 1
a: no special abilities


You were on level 5 of the Dungeon.
You visited 1 branch of the dungeon, and saw 5 of its levels.

You collected 200 gold pieces.

Inventory:

Hand Weapons
 n - a +0 quarterstaff
 o - a +0 rapier
 p - a +0 vorpal hand axe
 x - a +0 dagger of speed (weapon)
Missiles
 c - 128 stones
Armour
 a - a +0 robe
 b - a +0 leather armour (worn)
 f - a +0 ring mail
Jewellery
 l - a +4 ring of protection (left hand)
 s - a +4 ring of protection (right hand)
 t - an amulet of magic regeneration (around neck)
Wands
 m - a wand of charming (6) (quivered)
Scrolls
 d - 2 scrolls of enchant weapon {unknown}
 g - a scroll of torment {unknown}
 h - 4 scrolls of identify {unknown}
 j - a scroll of holy word {unknown}
 k - a scroll of silence {unknown}
 q - a scroll of noise {unknown}
 r - 2 scrolls of blinking {unknown}
 v - a scroll of teleportation {unknown}
 w - a scroll of magic mapping {unknown}
Potions
 e - 2 potions of mutation
 u - a potion of degeneration


   Skills:
 + Level 1.8 Fighting
 + Level 1.6 Short Blades
 + Level 0.3 Axes
 + Level 0.9 Staves
 + Level 1.6 Armour
 + Level 3.0 Dodging
 + Level 2.9 Stealth
 + Level 1.1 Unarmed Combat
 + Level 4.7 Spellcasting
 + Level 5.1 Conjurations
 + Level 7.2 Air Magic


You had 7 spell levels left.
You knew the following spells:

 Your Spells              Type           Power      Damage    Failure   Level
a - Shock                 Conj/Air       88%        1d8       1%          1
b - Static Discharge      Conj/Air       22%        N/A       3%          2
c - Swiftness             Air            25%        N/A       4%          3
d - Teleport Other        Tloc           3%         N/A       58%         3

Your spell library contained the following spells:

 Spells                   Type           Power      Damage    Failure   Level
 Airstrike                Air            12%        N/A       13%         4
 Gell's Gravitas          Tloc           1%         N/A       58%         3
 Dispersal                Tloc           1%         N/A       100%        6


Dungeon Overview and Level Annotations

Branches:
Dungeon (5/15)             Temple (0/1) D:4

Altars:
Xom

Shops:
D:3 [


Innate Abilities, Weirdness & Mutations

You have a beak for a mouth.
You have claws for feet.
Your magical nature lets you fly swiftly and evasively.
You are agile. (Dex +2)
Your magical capacity is low. (-10% MP)
You are robust. (+10% HP)


Message History

You hit the ogre. Your kick misses the ogre.
The ogre is moderately wounded.
The ogre completely misses you.
You barely miss the ogre.
The ogre is moderately wounded.
You hit the ogre.
The ogre is moderately wounded.
The ogre hits you with a +0 giant spiked club!!
* * * LOW HITPOINT WARNING * * *
You hit the ogre but do no damage.
The ogre is moderately wounded.
Casting: Swiftness (dangerous; 3% risk of failure)
Confirm with . or Enter, or press ? or * to list all spells.
The ogre is struck by an arc of lightning!
The ogre is severely wounded.
You are struck by an arc of lightning.
* * * LOW HITPOINT WARNING * * *
The lightning grounds out.
The ogre closely misses you.
Aiming: Charm
Press: ? - help, Q - select action, (/) - cycle Shift-Dir - straight line, f/p - ogre
Aim: an ogre, wielding a +0 giant spiked club (severely wounded, chance to affect: 46%)
The ogre is charmed.
It was a potion of mutation.
You feel extremely strange.
You feel robust.
You feel agile.
You feel less energetic.
It was a potion of degeneration.
There was something very wrong with that liquid.
You feel weakened.
You feel dopey.
You feel clumsy.
It was a potion of berserk rage.
A red film seems to cover your vision as you go berserk!
You feel yourself moving faster!
You feel mighty!
You feel a strong urge to attack something.
You feel your anger nearly subside.
You start to feel a little slower.
You are no longer berserk.
You are exhausted.
You feel yourself slow down.
You feel sluggish.
You start to feel a little faster.
The ogre is no longer charmed.
The ogre misses you.
The ogre hits you with a +0 giant spiked club!
You die...

...Y.....##.........####.........
###########.........#..........##
......# ######'####..........##
.$....# #.####..........##
......# #>...'..........##
##......# #.####..........'.
.'......# ###'####..........##
##......# #.....######..)#####
#+##### #..@..#######..# #
#..O..#........# #
#.....#........# #
#...[.#........# #
#.....#........## #
#.....#.........# #
#.....#.........## #
........###..........# #
.......$# #...)....#.# #


You could see an ogre.

Vanquished Creatures
  Eustachio (D:5)
  Duvessa (D:5)
  A black bear (D:4)
  A sky beast (D:5)
  A scorpion (D:4)
  Dowan (D:5)
  2 hounds (D:4)
  A jelly (D:4)
  Jessica (D:2)
  3 iguanas
  3 hound skeletons
  10 adders
  A shadow imp (D:5)
  An ufetubus (D:5)
  2 worms (D:2)
  5 dart slugs
  9 orcs
  A ball python (D:1)
  5 bats
  7 endoplasms
  3 giant cockroaches
  9 hobgoblins
  3 jackals
  6 kobolds
  8 quokkas
  3 frilled lizards (D:1)
  6 goblins
  A quokka skeleton (D:4)
  8 rats
104 creatures vanquished.

Vanquished Creatures (others)
  A plant (D:1)
1 creature vanquished.

Grand Total: 105 creatures vanquished

Notes
Turn   | Place    | Note
-------+----------+-------------------------------------------
     0 | D:1      | BuzzyBeetle the Tengu Air Elementalist began the quest for
                  | the Orb.
     0 | D:1      | Reached XP level 1. HP: 10/10 MP: 4/4
    37 | D:1      | Reached XP level 2. HP: 9/15 MP: 1/6
   180 | D:1      | Found a faded altar of an unknown god.
   377 | D:1      | Reached XP level 3. HP: 16/19 MP: 5/7
   974 | D:2      | Reached skill level 1 in Unarmed Combat
  1008 | D:2      | Reached XP level 4. HP: 16/24 MP: 0/8
  1025 | D:2      | Found a shimmering altar of Xom.
  1091 | D:2      | Reached skill level 5 in Air Magic
  1363 | D:2      | Noticed Jessica
  1370 | D:2      | Killed Jessica
  1371 | D:2      | Gained mutation: Your magical nature lets you fly swiftly
                  | and evasively. [Tengu growth]
  1371 | D:2      | Reached XP level 5. HP: 25/28 MP: 4/10
  1607 | D:3      | Found Wiufuere's Armour Boutique.
  2176 | D:4      | Reached skill level 6 in Air Magic
  2176 | D:4      | Reached XP level 6. HP: 23/32 MP: 9/11
  2185 | D:4      | Noticed a black bear
  2403 | D:3      | Learned a level 2 spell: Static Discharge
  2407 | D:3      | Learned a level 3 spell: Swiftness
  2418 | D:3      | Learned a level 3 spell: Teleport Other
  2521 | D:4      | Reached skill level 1 in Fighting
  2535 | D:4      | Killed a black bear
  2536 | D:4      | Reached XP level 7. HP: 32/38 MP: 9/13
  3008 | D:4      | Found a staircase to the Ecumenical Temple.
  3100 | D:5      | Entered Level 5 of the Dungeon
  3518 | D:5      | Noticed Eustachio
  3545 | D:5      | Killed Eustachio
  3572 | D:5      | Reached skill level 1 in Armour
  3603 | D:5      | Noticed Duvessa
  3604 | D:5      | Noticed Dowan
  3613 | D:5      | Killed Duvessa
  3614 | D:5      | Reached skill level 1 in Short Blades
  3616 | D:5      | Reached skill level 7 in Air Magic
  3623 | D:5      | Killed Dowan
  3624 | D:5      | Reached XP level 8. HP: 20/44 MP: 1/15
  3670 | D:5      | Reached skill level 5 in Conjurations
  4324 | D:5      | HP: 2/44 [/static electricity (3)]
  4332 | D:5      | Gained mutation: You are robust. (+10% HP) [potion of
                  | mutation]
  4332 | D:5      | Gained mutation: You are agile. (Dex +2) [potion of
                  | mutation]
  4332 | D:5      | Gained mutation: Your magical capacity is low. (-10% MP)
                  | [potion of mutation]
  4355 | D:5      | Mangled by an ogre

Illustrated notes

Levels and vault maps discovered:
D:1:      minmay_arrival_checkered_box, layout_rooms,
          shapermc_ecumenical_altar_acropolis, st_stairs_5, minmay_pentomino_v4
D:2:      layout_rooms, basic_altar, uniq_jessica
D:3:      layout_rooms, serial_shops, shop
D:4:      layout_rooms, minmay_temple_entry_butterflies
D:5:      layout_basic, uniq_duvessa, uniq_eustachio

Skill      XL: |  1  2  3  4  5  6  7  8 |
---------------+-------------------------+-----
Unarmed Combat | 1 |  1.1
Conjurations   | 2 3 4 5 |  5.1
Air Magic      | 5 6 7 |  7.2
Spellcasting   | 3 4 |  4.7
Fighting       | 1 |  1.8
Armour         | 1 |  1.6
Short Blades   | 1 |  1.6
Dodging        | 3 |  3.0
Axes           | |  0.3
Staves         | |  0.9
Stealth        | |  2.9

Action                   |  1- 3 |  4- 6 |  7- 9 || total
-------------------------+-------+-------+-------++-------
Melee: Unarmed           |    20 |       |       ||    20
       Peck              |     6 |     3 |    11 ||    20
       Kick              |     5 |     8 |    20 ||    33
       Dagger            |     9 |     3 |    79 ||    91
       Quarterstaff      |       |    17 |       ||    17
       Hand axe          |       |     5 |       ||     5
       Punch             |       |       |     1 ||     1
 Cast: Shock             |    48 |   101 |    55 ||   204
       Static Discharge  |       |       |    10 ||    10
       Swiftness         |       |       |     3 ||     3
Evoke: Wand              |       |       |     1 ||     1
  Use: Potion            |       |     6 |     3 ||     9
 Stab: Sleeping          |       |       |     1 ||     1
Armor: Robe              |     9 |     9 |       ||    18
       Leather armour    |       |     3 |    25 ||    28
Dodge: Dodged            |    20 |    30 |    54 ||   104

Table legend: (Time is in decaauts)
 A = Elapsed time spent in this place.
 B = Non-inter-level travel time spent in this place.
 C = Inter-level travel time spent in this place.
 D = Time resting spent in this place.
 E = Time spent auto-exploring this place.
 F = Levels seen in this place.
 G = Mean time per level.
                   A        B        C        D        E       F      G
               +--------+--------+--------+--------+--------+-----+--------+
         Total |   4125 |   4125 |      0 |      0 |     43 |   5 |  825.0 |
       Dungeon |   4125 |   4125 |      0 |      0 |     43 |   5 |  825.0 |
               +--------+--------+--------+--------+--------+-----+--------+

Top non-repeatable levels by time:
     D:4: 1047 daAuts
     D:5: 912 daAuts
     D:1: 890 daAuts
     D:2: 720 daAuts
     D:3: 555 daAuts
